 Dungeon Crawl Stone Soup version 0.21-a0-344-g2144152 (webtiles) character file.

50928 Amnesiac the Geomancer (level 14, -3/108 HPs)
             Began as a Gnoll Earth Elementalist on Oct 4, 2017.
             Was an Elder of Ashenzari.
             Killed from afar by a deep troll earth mage (15 damage)
             ... with a blast of rock fragments
             ... on level 2 of the Depths.
             The game lasted 01:02:50 (21241 turns).

Amnesiac the Geomancer (Gnoll Earth Elementalist)  Turns: 21241, Time: 01:02:51

Health: -3/108     AC: 10    Str: 11    XL:     14   Next: 57%
Magic:  5/25       EV: 19    Int: 21    God:    Ashenzari [****..]
Gold:   619        SH: 12    Dex: 17    Spells: 10/33 levels left

rFire    . . .     SeeInvis +   a - +10 dagger of the Foot {protect, +Fly}
rCold    + . .     Gourm    .   h - +0 shield (curse)
rNeg     . . .     Faith    .   c - +0 robe
rPois    .         Spirit   .   m - +1 helmet (curse)
rElec    .         Reflect  .   (no cloak)
rCorr    .         Harm     .   K - +1 pair of gloves (curse)
MR       +....     Clarity  +   R - +1 pair of boots (curse)
Stlth    ++++......             s - amulet of regeneration
HPRegen  0.00/turn              P - -2 ring of evasion (curse)
MPRegen  0.19/turn              p - ring of loudness (curse)

@: very slightly contaminated
A: distributed training, fangs 1, cold resistance 1, low mp 1, inhibited
regeneration, strong nose
a: Curse Item, Scrying, Renounce Religion, Evoke Flight


You were on level 2 of the Depths.
You worshipped Ashenzari.
Ashenzari was greatly pleased with you.
You were not hungry.

You visited 3 branches of the dungeon, and saw 18 of its levels.
You also visited: Sewer.

You collected 1103 gold pieces.
You spent 484 gold pieces at shops.

Inventory:

Hand Weapons
 a - the +10 dagger of the Foot (weapon) {protect, +Fly}
   (You found it on level 4 of the Dungeon)

   It protects the one who uses it against injury (+AC on strike).
   It lets you fly.
 b - a +1 fustibalus of flaming
 J - a +2 dagger of venom
 Q - a +2 scimitar of flaming
Missiles
 x - 177 sling bullets
 U - 2 throwing nets
 Y - 490 stones (quivered)
Armour
 c - a +0 robe (worn)
 h - a cursed +0 shield (worn)
 m - a cursed +1 helmet (worn)
 K - a cursed +1 pair of gloves (worn)
 R - a cursed +1 pair of boots (worn)
 V - a +1 pair of boots of stealth
 X - the cursed -1 cloak of the Cockatrice {rC+ rN+ Slay-3}
   (You found it on level 11 of the Dungeon)

   It affects your accuracy and damage with ranged weapons and melee attacks
   (-3).
   It protects you from cold.
   It protects you from negative energy.
   It has a curse placed upon it.
Jewellery
 p - a cursed ring of loudness (right hand)
 s - an amulet of regeneration (around neck)
 u - an uncursed ring of ice
 H - the cursed ring "Keruaz" {Fire +Fly Str+2}
   (You acquired it on level 13 of the Dungeon)

   [ring of fire]

   It enhances your fire magic.
   It affects your strength (+2).
   It protects you from fire.
   It makes you vulnerable to cold.
   It lets you fly.
   It has a curse placed upon it.
 P - a cursed -2 ring of evasion (left hand)
Wands
 g - a wand of acid (8/15)
 N - a wand of digging (20/24)
Scrolls
 e - 2 scrolls of magic mapping {!r}
 j - 12 scrolls of teleportation {!r}
 y - 2 scrolls of enchant weapon {!r}
 z - 3 scrolls of fear {!r}
 A - 2 scrolls of enchant armour {!r}
 D - a scroll of recharging {!r}
 I - 3 scrolls of remove curse {!r}
 L - a scroll of vulnerability {!r}
 O - a scroll of brand weapon {!r}
 W - 2 scrolls of identify {!r}
 Z - a scroll of fog {!r}
Potions
 i - a potion of cancellation {!q}
 k - 2 potions of agility {!q}
 l - 2 potions of haste {!q}
 n - 5 potions of brilliance {!q}
 o - a potion of mutation {!q}
 t - a potion of magic {!q}
 v - 3 potions of might {!q}
 w - a potion of curing {!q}
 E - a potion of berserk rage {!q}
 F - a potion of invisibility {!q}
 T - 2 potions of resistance {!q}
Miscellaneous
 B - a sack of spiders
 C - a crystal ball of energy
Comestibles
 d - 12 bread rations
 f - 13 meat rations
 r - 6 royal jellies
 G - 11 fruits


   Skills:
 + Level 9.2 Fighting
 + Level 9.2 Short Blades
 + Level 9.2 Long Blades
 + Level 9.2 Axes
 + Level 9.2 Maces & Flails
 + Level 9.2 Polearms
 + Level 9.2 Staves
 + Level 9.2 Slings
 + Level 9.2 Bows
 + Level 9.2 Crossbows
 + Level 9.2 Throwing
 + Level 9.2 Armour
 + Level 10.2(12.3) Dodging
 + Level 10.1(12.2) Stealth
 + Level 9.2(11.3) Shields
 + Level 9.2 Unarmed Combat
 + Level 10.4 Spellcasting
 + Level 9.2(11.3) Conjurations
 + Level 9.2(11.3) Hexes
 + Level 9.2(11.3) Charms
 + Level 9.2(11.3) Summonings
 + Level 9.2(11.3) Necromancy
 + Level 9.2(11.3) Translocations
 + Level 9.5(11.7) Transmutations
 + Level 9.2(11.3) Fire Magic
 + Level 9.2(11.3) Ice Magic
 + Level 9.2(11.3) Air Magic
 + Level 11.1(13.1) Earth Magic
 + Level 9.2(11.3) Poison Magic
 + Level 9.2 Invocations
 + Level 9.2(11.3) Evocations


You had 10 spell levels left.
You knew the following spells:

 Your Spells              Type           Power        Failure   Level  Hunger
a - Poison Arrow          Conj/Pois      ######....   14%         6    ######.
b - Passwall              Tmut/Erth      ######....   1%          2    None
d - Lee's Rapid Deconstr  Erth           ######....   1%          5    ####...
e - Petrify               Tmut/Erth      ######..     1%          4    ##.....
f - Fulminant Prism       Conj/Hex       ######....   1%          4    ##.....
q - Sandblast             Erth           ######       1%          1    None
w - Animate Skeleton      Necr           N/A          1%          1    None


Dungeon Overview and Level Annotations

Branches:
Dungeon (15/15)            Temple (1/1) D:4            Lair (0/6) D:11
    Orc (0/2) D:11         Vaults (0/5) D:13         Depths (2/5) D:15

Altars:
Ashenzari
Cheibriados
Dithmenos
Elyvilon
Fedhas
Gozag
Hepliaklqana
Kikubaaqudgha
Makhleb
Nemelex Xobeh
Okawaru
Qazlal
Ru
Sif Muna
Trog
Uskayaw
Vehumet
Wu Jian
Xom
Yredelemnul
Zin
The Shining One

Shops:
D:6 *   D:10 [   D:12 *(   Depths:1 :


Innate Abilities, Weirdness & Mutations

Your experience applies equally to all skills.
You have very sharp teeth.
Your uncanny sense of smell can sniff out nearby items.
Your flesh is cold resistant. (rC+)
Your magical capacity is low. (-10% MP)
You do not regenerate when monsters are visible.


Message History

The deep troll earth mage is moving more slowly.
The deep troll earth mage gestures next to the red ugly thing while chanting.
Some rock shatters into small pieces.
Unknown command.
You hit the deep troll earth mage but do no damage.
Your weapon exudes an aura of protection.
The deep troll earth mage bites you!
The deep troll earth mage claws you but does no damage.
You block the deep troll earth mage's attack.
You catch the helpless deep troll earth mage completely off-guard!
You perforate the deep troll earth mage like a sieve!!!
The deep troll earth mage is heavily wounded.
The red ugly thing pecks you but does no damage.
You hit the deep troll earth mage.
The deep troll earth mage is lightly wounded.
The red ugly thing pecks you.
You are engulfed in flames!
You catch the helpless deep troll earth mage completely off-guard!
You skewer the deep troll earth mage like a kebab!!!
The deep troll earth mage is severely wounded.
The deep troll earth mage stops moving altogether!
You block the deep troll's attack. The deep troll claws you.
* * * LOW HITPOINT WARNING * * *
The deep troll claws you but does no damage.
You completely miss the deep troll earth mage.
The deep troll earth mage is severely wounded.
You block the red ugly thing's attack. The deep troll earth mage bites you!
* * * LOW HITPOINT WARNING * * *
The deep troll earth mage claws you but does no damage.
The deep troll earth mage claws you.
* * * LOW HITPOINT WARNING * * *
The deep troll closely misses you. The deep troll completely misses you.
The deep troll claws you.
* * * LOW HITPOINT WARNING * * *
The deep troll earth mage casts a spell next to you.
Some rock shatters into small pieces.
The deep troll earth mage stops moving altogether!
The deep troll bites you but does no damage.
You block the deep troll's attack. The deep troll misses you.
Found 23 gold pieces.
You hear a grinding noise.
The red ugly thing pecks you.
* * * LOW HITPOINT WARNING * * *
You are engulfed in flames!!
* * * LOW HITPOINT WARNING * * *
You hear a grinding noise.
You hear a grinding noise.
You see here 23 gold pieces.
A fire dragon comes into view.
Really quaff
S - a potion of heal wounds {!q}?
You feel much better. The red ugly thing pecks you!
* * * LOW HITPOINT WARNING * * *
You are engulfed in flames!
* * * LOW HITPOINT WARNING * * *
You open the door. The red ugly thing barely misses you.
You hear a grinding noise.
Found a stone staircase leading down.
Really read
M - a scroll of blinking {!r}?
Blink to where?
Press: ? - help, Dir - move target cursor You are very lightly contaminated with residual magic.
As you read the scroll of blinking {!r}, it crumbles to dust.
The deep troll earth mage points at you and mumbles some strange words.
The wall shatters!
The blast of rock fragments hits you!
You die...

* * * ## ######## *
######.### * *
........####....@...#*
* *
......T.......≈≈≈≈..#*
*** , ≈
.......T...+..≈≈≈≈..+,,
,* * ≈
.........###..≈§≈≈..#*
*,
........T#,#........# +
+ * ,
...##+#.{#..T.+###'##,
, , ♣♣
#...TT.##...###u.+ ,, ,
, , +.##{{#,##.TcT..##,
, * * #.##..##.#...##.#
, ,,* *,,


You could see a red ugly thing and a deep troll earth mage.

Vanquished Creatures
  An emperor scorpion (D:15)
  A very ugly thing (Depths:1)
  A stone giant (Depths:1)
  Nessos (D:14)
  The ghost of B1inky the Fencer, a journeyman OpFi of Cheibriados (D:11)
  The ghost of Amnesiac the Geomancer, a journeyman GnEE of Ashenzari (D:12)
  The ghost of nikopol the Cleaver, a journeyman MiBe of Trog (D:11)
  4 hydras
  Harold (D:10)
  A rakshasa (D:15)
  An ice dragon (Depths:1)
  Erica (D:8)
  3 centaur warriors
  7 two-headed ogres
  3 tengu warriors
  3 unseen horrors
  2 glowing orange brains (Depths:1)
  A skeletal warrior (D:13)
  A phantasmal warrior (D:13)
  A harpy (shapeshifter) (D:13)
  A cyclops (D:15)
  An oklob plant (D:11)
  A deep elf mage (D:15)
  8 ugly things
  An ice statue (D:11)
  5 centaur skeletons
  A freezing wraith (D:15)
  An efreet (D:14)
  A kobold demonologist (D:15)
  6 trolls
  A jumping spider (shapeshifter) (D:15)
  A merfolk (D:10)
  3 hippogriffs
  5 slime creatures
  2 meliai zombies (D:13)
  Sigmund (D:2)
  Prince Ribbit (D:8)
  4 flying skulls (D:13)
  5 shadows
  A vampire (D:9)
  A wyvern (D:9)
  6 wraiths
  11 yaks
  A water elemental (D:14)
  4 vampire mosquitoes (D:13)
  4 hungry ghosts
  An acid dragon (D:11)
  2 water moccasins
  2 soldier ants
  12 orc warriors
  4 sky beasts
  3 phantoms
  2 ice beasts
  12 centaurs
  12 ogres
  A crocodile (D:14)
  9 big kobolds
  2 gnoll sergeants (D:11)
  A wyvern zombie (D:15)
  9 bullfrogs
  6 scorpions
  2 killer bees (D:11)
  3 wights (D:13)
  An electric eel (D:14)
  5 crimson imps
  3 bullfrog zombies
  A quasit (D:9)
  7 centaur zombies
  A gnoll shaman (D:4)
  5 hounds
  12 orc wizards
  9 orc priests
  5 bullfrog skeletons
  6 jellies
  4 iguanas
  10 worker ants
  A killer bee zombie (D:8)
  A hound zombie (D:9)
  Robin (D:2)
  16 gnolls
  17 adders
  A river rat (D:3)
  2 shadow imps
  3 oozes
  2 adder zombies
  An adder skeleton (D:6)
  7 worms
  3 dart slugs
  4 leopard geckos
  53 orcs
  5 giant cockroaches
  10 goblins
  9 hobgoblins
  17 jackals
  29 kobolds
  5 quokkas
  8 ball pythons
  2 bats
  6 frilled lizards
  A jackal zombie (D:9)
  7 rats
  A fungus (D:10)
477 creatures vanquished.

Vanquished Creatures (others)
  A yaktaur (Depths:2)
  35 fulminant prisms
  A fungus (D:10)
  3 plants
40 creatures vanquished.

Grand Total: 517 creatures vanquished

Notes
Turn   | Place    | Note
-------+----------+-------------------------------------------
     0 | D:1      | Amnesiac the Gnoll Earth Elementalist began the quest for the Orb.
     0 | D:1      | Reached XP level 1. HP: 13/13 MP: 6/6
   186 | D:1      | Reached XP level 2. HP: 20/20 MP: 4/7
   196 | D:1      | Learned a level 2 spell: Passwall
   319 | D:1      | Reached XP level 3. HP: 25/25 MP: 9/9
   520 | D:1      | Reached skill level 5 in Spellcasting
   677 | D:2      | Noticed Robin
   683 | D:2      | Killed Robin
   699 | D:2      | Reached skill level 1 in Fighting
   699 | D:2      | Reached skill level 1 in Short Blades
   699 | D:2      | Reached skill level 1 in Long Blades
   699 | D:2      | Reached skill level 1 in Axes
   699 | D:2      | Reached skill level 1 in Maces & Flails
   699 | D:2      | Reached skill level 1 in Polearms
   699 | D:2      | Reached skill level 1 in Staves
   699 | D:2      | Reached skill level 1 in Slings
   699 | D:2      | Reached skill level 1 in Bows
   699 | D:2      | Reached skill level 1 in Crossbows
   699 | D:2      | Reached skill level 1 in Throwing
   699 | D:2      | Reached skill level 1 in Armour
   699 | D:2      | Reached skill level 1 in Shields
   699 | D:2      | Reached skill level 1 in Unarmed Combat
   699 | D:2      | Reached skill level 1 in Conjurations
   699 | D:2      | Reached skill level 1 in Hexes
   699 | D:2      | Reached skill level 1 in Charms
   699 | D:2      | Reached skill level 1 in Summonings
   699 | D:2      | Reached skill level 1 in Necromancy
   699 | D:2      | Reached skill level 1 in Translocations
   699 | D:2      | Reached skill level 1 in Fire Magic
   699 | D:2      | Reached skill level 1 in Ice Magic
   699 | D:2      | Reached skill level 1 in Air Magic
   699 | D:2      | Reached skill level 1 in Poison Magic
   699 | D:2      | Reached skill level 1 in Invocations
   699 | D:2      | Reached skill level 1 in Evocations
   709 | D:2      | Reached XP level 4. HP: 14/32 MP: 11/11
   839 | D:2      | Learned a level 4 spell: Petrify
   914 | D:2      | Found a glowing silver altar of Zin.
   923 | D:2      | Found a transporter.
   926 | D:2      | Noticed an ogre
   929 | D:2      | Found a transporter.
  1156 | D:2      | Noticed Sigmund
  1170 | D:2      | Killed Sigmund
  1170 | D:2      | Reached XP level 5. HP: 28/38 MP: 7/12
  1170 | D:2      | Reached XP level 6. HP: 33/44 MP: 7/13
  1177 | D:2      | Learned a level 5 spell: Lee's Rapid Deconstruction
  1562 | D:3      | Reached skill level 5 in Dodging
  1563 | D:3      | Found a glowing drain.
  1569 | Sewer    | Entered a sewer
  2630 | D:3      | Reached XP level 7. HP: 50/50 MP: 13/15
  3385 | D:2      | Reached skill level 7 in Earth Magic
  3495 | D:4      | Reached skill level 5 in Stealth
  3540 | D:4      | Found a staircase to the Ecumenical Temple.
  3560 | Temple   | Entered the Ecumenical Temple
  3597 | D:4      | Reached XP level 8. HP: 33/57 MP: 9/16
  3943 | D:4      | Got a slimy dagger
  4543 | D:4      | Found a sparkling altar of Nemelex Xobeh.
  4543 | D:4      | Found a sacrificial altar of Ru.
  4642 | D:5      | Entered Level 5 of the Dungeon
  4660 | D:5      | Found an ornate altar of the Wu Jian Council.
  4805 | D:5      | Found an iron altar of Okawaru.
  4805 | D:5      | Found a stormy altar of Qazlal.
  4806 | D:5      | Found a snail-covered altar of Cheibriados.
  4947 | D:5      | Noticed a hippogriff
  5043 | D:5      | Killed a hippogriff
  5673 | D:6      | Reached XP level 9. HP: 37/65 MP: 13/18
  5821 | D:6      | Found an ancient bone altar of Kikubaaqudgha.
  5826 | D:6      | Found a deep blue altar of Sif Muna.
  5828 | D:6      | Found a radiant altar of Vehumet.
  5831 | D:6      | Identified Kikubaaqudgha's Collected Works on Sinister Arts
  5843 | D:6      | Learned a level 1 spell: Animate Skeleton
  5849 | D:6      | Learned a level 3 spell: Stone Arrow
  6184 | D:6      | Found Eptuyn Loci's General Store.
  6192 | D:6      | Bought a potion of curing for 36 gold pieces
  6192 | D:6      | Bought a scroll of teleportation for 36 gold pieces
  6192 | D:6      | Bought a scroll of magic mapping for 42 gold pieces
  6192 | D:6      | Bought a potion of brilliance for 48 gold pieces
  6671 | D:7      | Reached skill level 5 in Transmutations
  6833 | D:7      | Found a shattered altar of Ashenzari.
  7030 | D:7      | Became a worshipper of Ashenzari the Shackled
  7033 | D:7      | Identified the +10 dagger of the Foot {protect, +Fly} (You found it on level 4 of the Dungeon)
  7182 | D:7      | Reached skill level 8 in Earth Magic
  7301 | D:8      | Noticed Erica
  7318 | D:8      | Killed Erica
  7318 | D:8      | Reached XP level 10. HP: 32/73 MP: 12/20
  7610 | D:8      | Noticed Prince Ribbit
  7633 | D:8      | Killed Prince Ribbit
  7668 | D:8      | Reached skill level 5 in Fighting
  7668 | D:8      | Reached skill level 5 in Short Blades
  7668 | D:8      | Reached skill level 5 in Long Blades
  7668 | D:8      | Reached skill level 5 in Axes
  7668 | D:8      | Reached skill level 5 in Maces & Flails
  7668 | D:8      | Reached skill level 5 in Polearms
  7668 | D:8      | Reached skill level 5 in Staves
  7668 | D:8      | Reached skill level 5 in Slings
  7668 | D:8      | Reached skill level 5 in Bows
  7668 | D:8      | Reached skill level 5 in Crossbows
  7668 | D:8      | Reached skill level 5 in Throwing
  7668 | D:8      | Reached skill level 5 in Armour
  7668 | D:8      | Reached skill level 5 in Shields
  7668 | D:8      | Reached skill level 5 in Unarmed Combat
  7668 | D:8      | Reached skill level 5 in Conjurations
  7668 | D:8      | Reached skill level 5 in Hexes
  7668 | D:8      | Reached skill level 5 in Charms
  7668 | D:8      | Reached skill level 5 in Summonings
  7668 | D:8      | Reached skill level 5 in Necromancy
  7668 | D:8      | Reached skill level 5 in Translocations
  7668 | D:8      | Reached skill level 5 in Fire Magic
  7668 | D:8      | Reached skill level 5 in Ice Magic
  7668 | D:8      | Reached skill level 5 in Air Magic
  7668 | D:8      | Reached skill level 5 in Poison Magic
  7668 | D:8      | Reached skill level 5 in Invocations
  7668 | D:8      | Reached skill level 5 in Evocations
  7694 | D:8      | HP: 5/111 [something (7)]
  7721 | D:8      | Killed an unseen horror
  7926 | D:8      | Learned a level 4 spell: Fulminant Prism
  8807 | D:9      | Gained mutation: Your magical capacity is low. (-10% MP) [potion of mutation]
  8807 | D:9      | Gained mutation: You do not regenerate when monsters are visible. [potion of mutation]
  8807 | D:9      | Gained mutation: Your flesh is cold resistant. (rC+) [potion of mutation]
  8926 | D:9      | HP: 5/111 [phantom (2)]
  8928 | D:9      | HP: 2/111 [phantom (3)]
  9176 | D:9      | Noticed a two-headed ogre
  9212 | D:9      | Killed a two-headed ogre
  9234 | D:9      | Reached XP level 11. HP: 52/81 MP: 17/20
  9467 | D:9      | Reached * piety under Ashenzari
  9981 | D:10     | Entered Level 10 of the Dungeon
 10032 | D:10     | Found Osah's Armour Shoppe.
 10053 | D:10     | Found a stormy altar of Qazlal.
 10057 | D:10     | Bought a +1 pair of gloves for 161 gold pieces
 10057 | D:10     | Bought a +1 pair of boots for 161 gold pieces
 10146 | D:10     | Reached skill level 9 in Earth Magic
 10252 | D:10     | Noticed Harold
 10605 | D:10     | Killed an unseen horror
 10799 | D:10     | Killed Harold
 10835 | D:10     | Reached ** piety under Ashenzari
 10995 | D:11     | Noticed an oklob plant
 11002 | D:11     | Found a staircase to the Lair.
 11005 | D:11     | Killed an oklob plant
 11015 | D:11     | Noticed nikopol's ghost (journeyman MiBe)
 11423 | D:11     | Noticed B1inky's ghost (journeyman OpFi)
 11442 | D:11     | Killed B1inky's ghost
 11509 | D:11     | Got the cursed cloak of the Cockatrice {rC+ rN+ Slay-3}
 11962 | D:11     | Noticed a brown ugly thing
 11972 | D:11     | Killed a brown ugly thing
 11972 | D:11     | Reached XP level 12. HP: 84/89 MP: 9/22
 12790 | D:11     | Killed nikopol's ghost
 12941 | D:11     | Found a staircase to the Orcish Mines.
 13963 | D:12     | Noticed Amnesiac's ghost (journeyman GnEE)
 13964 | D:12     | Found Gogo's Changing Room.
 14023 | D:12     | Killed Amnesiac's ghost
 14318 | D:12     | Identified a scroll of acquirement {!r}
 14571 | D:12     | Noticed a two-headed ogre
 14595 | D:12     | Killed a two-headed ogre
 14638 | D:12     | Reached *** piety under Ashenzari
 14748 | D:12     | Found Xyri's Antique Weapon Shop.
 14859 | D:12     | Noticed a two-headed ogre
 14864 | D:12     | Killed a two-headed ogre
 14945 | D:12     | Learned a level 6 spell: Poison Arrow
 15039 | D:13     | Reached skill level 10 in Earth Magic
 15093 | D:13     | Identified the cursed ring "Keruaz" {Fire +Fly Str+2} (You acquired it on level 13 of the Dungeon)
 15253 | D:13     | Noticed a seven-headed hydra
 15646 | D:13     | Killed a seven-headed hydra
 15790 | D:13     | Reached XP level 13. HP: 98/98 MP: 17/23
 16264 | D:13     | Found a gate to the Vaults.
 16490 | D:13     | Found a hide-covered altar of Uskayaw.
 17321 | D:14     | Reached **** piety under Ashenzari
 17669 | D:14     | Noticed Nessos
 17670 | D:14     | Killed Nessos
 18063 | D:15     | Entered Level 15 of the Dungeon
 18074 | D:15     | Noticed a rakshasa
 18277 | D:15     | Noticed an emperor scorpion
 18297 | D:15     | Reached skill level 10 in Spellcasting
 18365 | D:15     | Killed an emperor scorpion
 18365 | D:15     | Reached XP level 14. HP: 30/106 MP: 9/25
 19004 | D:14     | Reached skill level 10 in Dodging
 19718 | D:15     | Identified the cursed -1 cloak of the Cockatrice {rC+ rN+ Slay-3} (You found it on level 11 of the Dungeon)
 19728 | D:15     | Reached skill level 11 in Earth Magic
 20043 | D:15     | Found a staircase to the Depths.
 20812 | Depths:1 | Entered Level 1 of the Depths
 20832 | Depths:1 | Found Weenised's One-of-a-Kind Books.
 20859 | Depths:1 | Noticed a stone giant
 20870 | Depths:1 | Killed a stone giant
 20870 | Depths:1 | Reached skill level 10 in Stealth
 20895 | Depths:1 | Noticed a red very ugly thing
 20895 | Depths:1 | Noticed a red very ugly thing
 20895 | Depths:1 | Noticed a red very ugly thing
 20895 | Depths:1 | Noticed a red very ugly thing
 21138 | Depths:1 | Noticed a red very ugly thing
 21138 | Depths:1 | Noticed a red very ugly thing
 21138 | Depths:1 | Noticed a stone giant
 21178 | Depths:1 | Killed a red very ugly thing
 21241 | Depths:2 | Killed from afar by a deep troll earth mage

Vault maps used:
D:1:      dpeg_chamrin_arrival_tetris
D:2:      gammafunk_temple_overflow_arena, uniq_sigmund, uniq_robin
D:3:      first_bread, gup_sewer_entry_spiral, minmay_checkerbox
D:4:      amethyst_overflow_temple_binary, minmay_temple_entry_trees
D:5:      lemuel_doored_altar, gammafunk_temple_overflow_claw
D:6:      grunt_temple_overflow_magic_moments, serial_shops, shop
D:7:      lemuel_round_altar
D:8:      centaur_isle, uniq_prince_ribbit1, uniq_erica
D:10:     basic_altar, serial_shops, shop, hangedman_fish_farm,
          minmay_gold_behind_fungi, uniq_harold
D:11:     dpeg_oklobed_lair, kennysheep_orc_monster_closet_entryway,
          minivault_15
D:12:     minmay_weird_star, serial_shops, nicolae_shop_overgrown_old_shop,
          minmay_crystal_room, grunt_decor_resistance,
          nicolae_transmutations_shop
D:13:     hangedman_screamer, david_vaults_4, basic_altar
D:14:     minivault_14, uniq_nessos
D:15:     hangedman_depths_entry_try_elsewhere_first, minmay_misc_feat_plants,
          hangedman_abyss_or_decor_lesser_grid
Temple:   minmay_freezing_vapour_temple
Depths:1: hellmouth_1, hangedman_decor_push, nicolae_rare_books,
          hangedman_decor_cross_pass, minmay_shop_grove, uniq_jorgrun
Depths:2: hangedman_elemental_death_ray, hell_entry, serial_shops, shop,
          abyss_entry, moated_statue, infiniplex_staircase_pillars_3b,
          uniq_nikola
Sewer:    sewer_co_scattered_pipes

Skill      XL: |  1  2  3  4  5  6  7  8  9 10 11 12 13 14 |
---------------+-------------------------------------------+-----
Spellcasting   | 5 6 7 8 9 10 | 10.4
Fighting       | 1 2 3 4 5 6 7 8 9 |  9.2
Short Blades   | 1 2 3 4 5 6 7 8 9 |  9.2
Long Blades    | 1 2 3 4 5 6 7 8 9 |  9.2
Axes           | 1 2 3 4 5 6 7 8 9 |  9.2
Maces & Flails | 1 2 3 4 5 6 7 8 9 |  9.2
Polearms       | 1 2 3 4 5 6 7 8 9 |  9.2
Staves         | 1 2 3 4 5 6 7 8 9 |  9.2
Slings         | 1 2 3 4 5 6 7 8 9 |  9.2
Bows           | 1 2 3 4 5 6 7 8 9 |  9.2
Crossbows      | 1 2 3 4 5 6 7 8 9 |  9.2
Throwing       | 1 2 3 4 5 6 7 8 9 |  9.2
Armour         | 1 2 3 4 5 6 7 8 9 |  9.2
Shields        | 1 2 3 4 5 6 7 8 9 |  9.2
Unarmed Combat | 1 2 3 4 5 6 7 8 9 |  9.2
Conjurations   | 1 2 3 4 5 6 7 8 9 |  9.2
Hexes          | 1 2 3 4 5 6 7 8 9 |  9.2
Charms         | 1 2 3 4 5 6 7 8 9 |  9.2
Summonings     | 1 2 3 4 5 6 7 8 9 |  9.2
Necromancy     | 1 2 3 4 5 6 7 8 9 |  9.2
Translocations | 1 2 3 4 5 6 7 8 9 |  9.2
Fire Magic     | 1 2 3 4 5 6 7 8 9 |  9.2
Ice Magic      | 1 2 3 4 5 6 7 8 9 |  9.2
Air Magic      | 1 2 3 4 5 6 7 8 9 |  9.2
Poison Magic   | 1 2 3 4 5 6 7 8 9 |  9.2
Invocations    | 1 2 3 4 5 6 7 8 9 |  9.2
Evocations     | 1 2 3 4 5 6 7 8 9 |  9.2
Transmutations | 3 4 5 6 7 8 9 |  9.5
Dodging        | 5 6 7 8 9 10 | 10.2
Earth Magic    | 7 8 9 10 11 | 11.1
Stealth        | 5 6 7 8 9 10 | 10.1

Action                   |  1- 3 |  4- 6 |  7- 9 | 10-12 | 13-15 || total
-------------------------+-------+-------+-------+-------+-------++-------
Melee: Dagger            |    37 |   168 |   248 |   469 |   349 ||  1271
       Bite              |     3 |    14 |    30 |    50 |    57 ||   154
       Punch             |       |     4 |     3 |     3 |       ||    10
       Unarmed           |       |       |       |    25 |     3 ||    28
       Scimitar          |       |       |       |     8 |       ||     8
 Fire: Hand crossbow     |       |       |       |     6 |       ||     6
       Fustibalus        |       |       |       |     6 |       ||     6
 Cast: Sandblast         |    10 |    33 |    20 |    15 |     7 ||    85
       Passwall          |     1 |     7 |    20 |    31 |    13 ||    72
       Petrify           |       |       |    24 |    80 |    89 ||   193
       Lee's Rapid Decon |       |       |     9 |    37 |    22 ||    68
       Fulminant Prism   |       |       |       |    23 |    12 ||    35
       Poison Arrow      |       |       |       |       |     3 ||     3
       Stone Arrow       |       |       |       |       |     1 ||     1
Invok: Curse Item        |       |       |       |     4 |       ||     4
  Use: Potion            |       |       |     2 |    12 |     1 ||    15
       Scroll            |       |       |       |    18 |     4 ||    22
 Stab: Sleeping          |     4 |    12 |    21 |    22 |     9 ||    68
       Petrified         |       |       |    17 |    48 |    42 ||   107
       Distracted        |       |       |     1 |       |       ||     1
       Petrifying        |       |       |       |    15 |    20 ||    35
  Eat: Chunk             |       |     6 |    21 |    47 |    18 ||    92
       Royal jelly       |       |       |       |     3 |       ||     3
       Fruit             |       |       |       |     1 |       ||     1
Armor: Robe              |     5 |    19 |    21 |   137 |    75 ||   257
       Skin              |       |       |       |    61 |       ||    61
Dodge: Dodged            |    19 |   150 |   154 |   300 |   177 ||   800
Block: Shield            |       |       |       |   238 |   198 ||   436

Table legend:
 A = Spawn XP
 B = Non-spawn XP
 C = Spawn XP percentage of total XP
 D = Spawn monster count
 E = Non-spawn monster count
 F = Spawn count percentage of total count
 G = Total turns spent on level
                    A         B        C        D         E        F      G
               +---------+---------+-------+---------+---------+-------+---------
         Total |       0 |   72755 |   0.0 |       0 |     476 |   0.0 | 21241
               +---------+---------+-------+---------+---------+-------+---------
           D:1 |       0 |      38 |   0.0 |       0 |      10 |   0.0 |   656
           D:2 |       0 |     543 |   0.0 |       0 |      29 |   0.0 |   898
           D:3 |       0 |     251 |   0.0 |       0 |      46 |   0.0 |  1260
           D:4 |       0 |     734 |   0.0 |       0 |      24 |   0.0 |  1287
           D:5 |       0 |     700 |   0.0 |       0 |      16 |   0.0 |  1095
           D:6 |       0 |     797 |   0.0 |       0 |      22 |   0.0 |  1121
           D:7 |       0 |     718 |   0.0 |       0 |      23 |   0.0 |   686
           D:8 |       0 |    3498 |   0.0 |       0 |      23 |   0.0 |  1515
           D:9 |       0 |    3135 |   0.0 |       0 |      37 |   0.0 |  1286
          D:10 |       0 |    3744 |   0.0 |       0 |      24 |   0.0 |  1428
          D:11 |       0 |    7867 |   0.0 |       0 |      52 |   0.0 |  1833
          D:12 |       0 |    6303 |   0.0 |       0 |      28 |   0.0 |  1214
          D:13 |       0 |   16446 |   0.0 |       0 |      57 |   0.0 |  2319
          D:14 |       0 |    5992 |   0.0 |       0 |      16 |   0.0 |  1546
          D:15 |       0 |   15818 |   0.0 |       0 |      40 |   0.0 |  1945
      Depths:1 |       0 |    6101 |   0.0 |       0 |       6 |   0.0 |   400
         Sewer |       0 |      70 |   0.0 |       0 |      23 |   0.0 |   721
               +---------+---------+-------+---------+---------+-------+---------
